 Seeded DCSS version 0.30-a0-358-g0d69a1922f (webtiles) character file.

Game seed: 2231567656055988436 (custom seed)

4174 retardedninja the Blocker (level 10, 0/136 HPs)
             Began as a Minotaur Fighter on Nov 9, 2022.
             Was an Initiate of Gozag.
             Succumbed to a gnoll sergeant's poison
             ... on level 8 of the Dungeon.
             The game lasted 00:11:59 (8323 turns).

retardedninja the Blocker (Minotaur Fighter)        Turns: 8323, Time: 00:12:00

Health: 0/136      AC: 18    Str: 25    XL:     10   Next: 8%
Magic:  9/9        EV:  7    Int:  5    God:    Gozag
Gold:   363        SH:  6    Dex: 10    Spells: 9/9 levels left

rFire   . . .      SeeInvis .    a - +0 war axe (vorpal)
rCold   . . .      Faith    .    c - +0 buckler
rNeg    . . .      Spirit   .    s - +3 plate armour
rPois   .          Reflect  .    (helmet restricted)
rElec   .          Harm     .    B - +0 cloak {rCorr}
rCorr   +          Rampage  .    (no gloves)
Will    .....                    (no boots)
Stlth   ..........               (no amulet)
HPRegen 0.42/turn                (no ring)
MPRegen 0.11/turn                (no ring)

@: mighty, berserking (expiring), lethally poisoned (0 -> -1), gold aura,
flying, very quick
A: horns 2, retaliatory headbutt
a: Renounce Religion, Potion Petition, Call Merchant, Bribe Branch


You were on level 8 of the Dungeon.
You worshipped Gozag.
Gozag was aware of your devotion.
You visited 1 branch of the dungeon, and saw 9 of its levels.

You collected 908 gold pieces.
You spent 440 gold pieces at shops.
You paid 105 gold pieces to Gozag.

Inventory:

Hand Weapons
 a - a +0 vorpal war axe (weapon)
Missiles
 C - 2 poisoned darts (quivered)
Armour
 c - a +0 buckler (worn)
 s - a +3 plate armour (worn)
 B - a +0 cloak of preservation (worn)
Jewellery
 e - an amulet of the acrobat
 k - a ring of positive energy
 t - a ring of willpower
 H - a +6 ring of dexterity
 J - a ring of resist corrosion
 P - a ring of fire
Wands
 h - a wand of mindburst (3)
 F - a wand of flame (18)
Scrolls
 f - 3 scrolls of fear
 l - a scroll of noise
 m - 3 scrolls of vulnerability
 n - a scroll of magic mapping
 u - 4 scrolls of poison
 w - 4 scrolls of immolation
 z - a scroll of teleportation
 D - 2 scrolls of butterflies
 M - 2 scrolls of amnesia
Potions
 d - a potion of might
 i - a potion of flight
 j - 2 potions of brilliance
 p - 2 potions of magic
 q - 3 potions of mutation
 v - 2 potions of lignification
 x - a potion of cancellation
 G - a potion of degeneration
 I - a potion of attraction
 L - a potion of haste {unknown}
 O - 2 potions of resistance {unknown}
Miscellaneous
 N - a phantom mirror


   Skills:
 + Level 9.5 Fighting
 + Level 9.1 Axes
 + Level 9.5 Armour
 + Level 9.6 Shields


You had 9 spell levels left.
You didn't know any spells.
Your spell library contained the following spells:

 Spells                   Type           Power      Damage    Failure   Level
 Apportation              Tloc           0%         N/A       100%        1
 Beastly Appendage        Tmut           0%         N/A       100%        1
 Necrotise                Necr           0%         1d4       100%        1
 Summon Small Mammal      Summ           0%         N/A       100%        1
 Sublimation of Blood     Necr           0%         N/A       100%        2
 Wereblood                Tmut           0%         N/A       100%        2
 Spider Form              Tmut/Pois      0%         N/A       100%        3
 Summon Hydra             Summ           0%         N/A       100%        7


Dungeon Overview and Level Annotations

Branches:
Dungeon (9/15)             Temple (0/1) D:5
   Lair: D:8-11         Orc: D:9-12

Altars:
Ashenzari
Cheibriados
Gozag
Nemelex Xobeh
Uskayaw
Xom
Yredelemnul

Shops:
D:4 (   D:8 *


Innate Abilities, Weirdness & Mutations

You have a pair of horns on your head.
You reflexively headbutt those who attack you in melee.


Message History

The killer bee stings you but does no damage.
The killer bee stings your orc wizard.
Your orc wizard dies!
Your orc wizard's corpse dissolves into shadows!
The gnoll closely misses you.
Your orc wizard hits the gnoll with a +0 dagger.
The killer bee buzzes angrily.
You slash the gnoll!
You kill the gnoll!
You barely miss the killer bee. You block the killer bee's attack.
You feel sick. The killer bee stings you.
* * * LOW HITPOINT WARNING * * *
The killer bee closely misses you.
The killer bee stings you but does no damage.
The killer bee completely misses you. You furiously retaliate!
You headbutt the killer bee!!
You kill the killer bee!
Things that are here:
6 gold pieces; a +0 spear You barely miss the killer bee.
You headbutt the killer bee!
The killer bee is almost dead.
* * * LOW HITPOINT WARNING * * *
You feel sick. The killer bee barely misses you.
Your gnoll closely misses the killer bee.
You miss the killer bee.
The killer bee is almost dead.
The killer bee stings you but does no damage.
Your gnoll hits the killer bee with a +0 club.
The killer bee dies!
* * * LOW HITPOINT WARNING * * *
You feel sick.
You see here 5 gold pieces.
There is a lethal amount of poison in your body!
There is a lethal amount of poison in your body!
There is a lethal amount of poison in your body!
There is a lethal amount of poison in your body!
You are too berserk!
You feel a strong urge to attack something.
You die...
Your body crumbles into a pile of gold.

########...##
##.###.
#...........#
#......
#.######....#
##.###. #.#
####....# #######.
#.#
#.g.###.###.......
#.# #gg##
##.##)#.#### #.#
#g## ##...#.###
#.#
#$$#####.##.....#
#.#
#@#o#.#.###.###.#
#.###.#o.#..# #.#
#.# #.....o...#.#
#.###.#
#####.###..##
#.....# #.# #...#
#.#.### #.###.#.#
#..#.# #.^...#.#
###.## #.#.###.#
#.# #.#.....# #.#


You could see a friendly gnoll bouda (summoned), 3 friendly gnolls and a
friendly orc (summoned).

Vanquished Creatures
  A two-headed ogre (D:8)
  Prince Ribbit (D:7)
  A wyvern (D:8)
  A steam dragon (D:8)
  An acid dragon (D:8)
  3 water moccasins
  An ice beast (D:6)
  An orc warrior (D:7)
  3 black bears
  4 sky beasts
  2 ogres
  4 bullfrogs
  2 gnoll sergeants (D:8)
  2 scorpions
  5 wights (D:8)
  3 killer bees
  3 jellies
  2 orc priests (D:8)
  4 hounds
  An iguana (D:4)
  7 orc wizards
  15 gnolls
  6 adders
  An ufetubus (D:5)
  3 worms
  5 dart slugs
  19 orcs
  10 endoplasms
  2 giant cockroaches (D:1)
  6 goblins
  12 hobgoblins
  6 quokkas
  3 ball pythons
  4 bats
  13 frilled lizards
  9 kobolds
  2 rats (D:1)
168 creatures vanquished.

Vanquished Creatures (collateral kills)
  A killer bee (D:8)
1 creature vanquished.

Vanquished Creatures (others)
  6 plants
6 creatures vanquished.

Grand Total: 175 creatures vanquished

Notes
Turn   | Place    | Note
-------+----------+-------------------------------------------
     0 | D:1      | retardedninja the Minotaur Fighter began the quest for the
                  | Orb.
     0 | D:1      | Reached XP level 1. HP: 19/19 MP: 0/0
   152 | D:1      | Reached XP level 2. HP: 21/27 MP: 1/1
   220 | D:1      | Found a faded altar of an unknown god.
   509 | D:1      | Reached XP level 3. HP: 33/33 MP: 2/2
   869 | D:2      | Reached XP level 4. HP: 40/40 MP: 3/3
  1836 | D:3      | Found a broken altar of Ashenzari.
  2569 | D:4      | Noticed an ogre
  2572 | D:4      | Killed an ogre
  2573 | D:4      | Reached skill level 5 in Shields
  2573 | D:4      | Reached XP level 5. HP: 39/47 MP: 4/4
  2663 | D:4      | Found Fynamiuh's Weapon Shop.
  2853 | D:4      | Reached skill level 5 in Fighting
  2853 | D:4      | Reached skill level 5 in Armour
  2884 | D:4      | Reached XP level 6. HP: 49/56 MP: 5/5
  3196 | D:4      | You fall into a shaft and drop 1 floor!
  3196 | D:5      | Entered Level 5 of the Dungeon
  3224 | D:5      | Found a hide-covered altar of Uskayaw.
  3224 | D:5      | Noticed a +0 dagger
  3225 | D:5      | Noticed a +0 spear
  3225 | D:5      | Noticed a +0 dagger
  3225 | D:5      | Noticed a +0 short sword
  3225 | D:5      | Noticed a +0 spear
  3226 | D:5      | Noticed a +0 short sword
  3227 | D:5      | Noticed a +0 falchion
  3228 | D:5      | Noticed a +0 falchion
  3615 | D:5      | Found a basalt altar of Yredelemnul.
  3649 | D:5      | Reached skill level 5 in Axes
  3649 | D:5      | Reached XP level 7. HP: 62/62 MP: 6/6
  3944 | D:5      | Found a staircase to the Ecumenical Temple.
  4277 | D:6      | Found an opulent altar of Gozag.
  4284 | D:6      | Became a worshipper of Gozag Ym Sagoz the Greedy
  4607 | D:6      | Found a snail-covered altar of Cheibriados.
  4846 | D:7      | Reached XP level 8. HP: 71/71 MP: 7/7
  5045 | D:7      | HP: 2/73 [water moccasin (7)]
  5521 | D:7      | Noticed Prince Ribbit
  5535 | D:7      | Killed Prince Ribbit
  5536 | D:7      | Reached XP level 9. HP: 40/81 MP: 8/8
  5952 | D:7      | Found a shimmering altar of Xom.
  6246 | D:8      | Found Xiuruug's General Store.
  6367 | D:8      | Bought a phantom mirror for 440 gold pieces
  6739 | D:8      | Found a sparkling altar of Nemelex Xobeh.
  6853 | D:8      | Noticed a two-headed ogre
  6860 | D:8      | Killed a two-headed ogre
  7703 | D:8      | Reached XP level 10. HP: 80/90 MP: 9/9
  8319 | D:8      | HP: 2/136 [killer bee (5)]
  8323 | D:8      | Succumbed to a gnoll sergeant's poison

Illustrated notes

Levels and vault maps discovered:
D:1:      amcnicky_arrival_choice, layout_basic,
          shapermc_ecumenical_altar_ellora, minmay_misc_feat_ornament
D:2:      layout_basic, minmay_lizard_king
D:3:      layout_loops_ring, mainiacjoe_overflow_cross_hatched
D:4:      layout_basic, serial_shops, nicolae_shop_trees, serial_bayou_pond_a
D:5:      layout_loops_ring, nicolae_uskayaw_en_pointe,
          yredelemnul_altar_generic, minmay_temple_entry_fiery
D:6:      layout_rooms, chei_slow_surprise,
          nicolae_gozag_cash_rules_everything_around_me
D:7:      layout_loops_ring, tgw_xom, kennysheep_generic_room_10,
          uniq_prince_ribbit1
D:8:      layout_loops_ring, mainiacjoe_overflow_24_doors, serial_shops,
          nicolae_shop_window_shopping, chequers_serial_rivers_micro_c
D:9:      layout_cave_pools, lair_entry_dummy, special_room [special_room_orc],
          minivault_22

Skill      XL: |  1  2  3  4  5  6  7  8  9 |
---------------+----------------------------+-----
Armour         | 4 5 6 8 9 |  9.5
Shields        | 4 5 6 8 9 |  9.6
Fighting       | 4 5 6 8 9 |  9.5
Axes           | 3 4 5 6 7 9 |  9.1

Action                   |  1- 3 |  4- 6 |  7- 9 | 10-12 || total
-------------------------+-------+-------+-------+-------++-------
Melee: War axe           |    62 |   174 |   258 |    20 ||   514
       Headbutt          |     7 |    24 |    46 |     4 ||    81
Throw: Dart              |       |       |     2 |       ||     2
  Use: Scroll            |       |       |    18 |     9 ||    27
       Potion            |       |       |     2 |     6 ||     8
Armor: Scale mail        |    22 |    34 |       |       ||    56
       Plate armour      |       |    61 |   206 |    58 ||   325
Dodge: Dodged            |    25 |    60 |    62 |    29 ||   176
Block: Buckler           |    13 |    38 |    76 |    18 ||   145

Table legend: (Time is in decaauts)
 A = Elapsed time spent in this place.
 B = Non-inter-level travel time spent in this place.
 C = Inter-level travel time spent in this place.
 D = Time resting spent in this place.
 E = Time spent auto-exploring this place.
 F = Levels seen in this place.
 G = Mean time per level.
                   A        B        C        D        E       F      G
               +--------+--------+--------+--------+--------+-----+--------+
         Total |   8461 |   8136 |    325 |   1191 |   5690 |   9 |  940.1 |
       Dungeon |   8461 |   8136 |    325 |   1191 |   5690 |   9 |  940.1 |
               +--------+--------+--------+--------+--------+-----+--------+

Top non-repeatable levels by time:
     D:8: 2070 daAuts
     D:7: 1440 daAuts
     D:4: 1008 daAuts
     D:2: 1007 daAuts
     D:5: 960 daAuts
     D:1: 713 daAuts
     D:3: 670 daAuts
     D:6: 567 daAuts
     D:9: 23 daAuts
